 Dungeon Crawl Stone Soup version 0.30-a0-743-gbfdf073431 (webtiles) character file.

Game seed: 8710903130734617632

33 jimonade the Sneak (level 3, 0/27 HPs)
             Began as a Mummy Brigand on Feb 6, 2023.
             Slain by a shadow (23 damage)
             ... created by the darkness of Dithmenos
             ... on level 2 of the Dungeon.
             The game lasted 00:02:56 (1432 turns).

jimonade the Sneak (Mummy Brigand)                  Turns: 1432, Time: 00:02:58

Health: 0/27       AC:  5    Str: 14    XL:     3   Next: 12%
Magic:  3/3        EV: 14    Int: 12    God:
Gold:   64         SH:  7    Dex: 13    Spells: 2/2 levels left

rFire   x . .      SeeInvis .    a - +2 dagger
rCold   + . .      Faith    +    q - +0 kite shield
rNeg    + + +      Spirit   .    b - +0 robe
rPois   ∞          Reflect  .    m - +1 helmet
rElec   .          Harm     .    c - +0 cloak
rCorr   .          Rampage  .    (no gloves)
Will    .....                    (no boots)
Stlth   ++                       (no amulet)
HPRegen 0.24/turn                p - +5 ring of evasion
MPRegen 0.08/turn                (no ring)

@: no status effects
A: cold resistance 1, negative energy resistance 3, torment resistance 2, heat
vulnerability 1, in touch with death 1, no potions, faith
a: no special abilities


You were on level 2 of the Dungeon.
You visited 1 branch of the dungeon, and saw 2 of its levels.

You collected 64 gold pieces.

Inventory:

Hand Weapons
 a - a +2 dagger (weapon)
Missiles
 d - 9 poisoned darts (quivered)
 e - 3 curare-tipped darts
 g - 2 silver javelins
Armour
 b - a +0 robe (worn)
 c - a +0 cloak (worn)
 l - a +0 helmet
 m - a +1 helmet (worn)
 n - a +0 ring mail
 q - a +0 kite shield (worn)
Jewellery
 p - a +5 ring of evasion (left hand)
Scrolls
 f - 2 scrolls of identify {unknown}
 h - 2 scrolls of fog {unknown}
 i - a scroll of noise {unknown}
 j - 3 scrolls of teleportation {unknown}
 k - a scroll of torment {unknown}
 o - a scroll of magic mapping {unknown}


   Skills:
 + Level 2.1 Fighting
 * Level 2.2 Short Blades
 - Level 1.5 Throwing
 + Level 0.9 Dodging
 + Level 3.8 Stealth


You had 2 spell levels left.
You didn't know any spells.
Your spell library contained the following spells:

 Spells                   Type           Power      Damage    Failure   Level
 Static Discharge         Conj/Air       0%         2-2/arc   88%         2
 Vhi's Electric Charge    Tloc/Air       0%         N/A       98%         3
 Arcjolt                  Conj/Air       0%         1d10      100%        5
 Lightning Bolt           Conj/Air       0%         1d11      100%        5


Dungeon Overview and Level Annotations

Branches:
Dungeon (2/15)

Altars:
Dithmenos


Innate Abilities, Weirdness & Mutations

You are immune to poison.
Your flesh is cold resistant. (rC+)
You are immune to negative energy. (rN+++)
You are immune to unholy pain and torment.
You are vulnerable to heat. (rF-)
You are in touch with the powers of death.
You do not drink.
You have a special connection with the divine. (Faith)


Message History

The worm is severely wounded.
The worm closely misses you.
You hit the worm.
The worm is severely wounded.
The worm barely misses you.
You hit the worm.
You kill the worm!
No target in view!
HP restored.
You open the door.
There is an open door here.
You pick up a book of Lightning and begin reading...
You add the spells Static Discharge, Vhi's Electric Charge, Lightning Bolt and Arcjolt to your library.
Found a glowing blue potion.
Found a sapphire potion.
Dithmenos calls forth shadows to punish you.
The divine experience drains your vigour!
You feel yourself slow down. 3 shadows come into view.
You hit the shadow.
The shadow is lightly damaged.
You hit the shadow.
The shadow is moderately damaged.
You feel yourself speed up.
The shadow slips into darkness.
The shadow flickers and vanishes!
Deactivating autopickup; reactivate with Ctrl-A.
The shadow misses you.
You hit the shadow but do no damage.
The shadow is moderately damaged.
The shadow hits you. x2
You closely miss the shadow.
The shadow is moderately damaged.
The shadow hits you.
The shadow slips into darkness.
The shadow flickers and vanishes!
You hit something but do no damage. The shadow misses you.
The shadow strikes at you from the darkness!
Ouch! That really hurt!
You die...

##..###.# ##. ########.>##
#.# ## #........## #.#
############### #.#
#............# #.#
#............# #.#
#..♣♣♣♣♣♣♣♣..######.#
#..♣....W.♣..#......######
#..♣.♣♣♣♣@♣..#####.[.....#
#..♣.♣8!♣{♣..# ##.####..
#..♣.♣♣!♣{♣..# #.####..
#..♣....♣.♣..# #.##....
#..♣♣♣♣♣♣.♣..# #.##.###
#.........♣..# #.#..# #
#............# #.#.##
###########'## ####..!#
#.####......#


You could see a shadow.

Vanquished Creatures
  A worm (D:2)
  2 dart slugs (D:1)
  3 endoplasms (D:1)
  A giant cockroach (D:2)
  3 goblins
  3 hobgoblins
  3 quokkas (D:1)
  A ball python (D:1)
  2 bats (D:1)
  2 frilled lizards
  3 kobolds
  A rat (D:2)
25 creatures vanquished.

Notes
Turn   | Place    | Note
-------+----------+-------------------------------------------
     0 | D:1      | jimonade the Mummy Brigand began the quest for the Orb.
     0 | D:1      | Reached XP level 1. HP: 16/16 MP: 1/1
   241 | D:1      | Reached XP level 2. HP: 14/22 MP: 2/2
  1072 | D:2      | Found a shadowy altar of Dithmenos.
  1191 | D:2      | Became a worshipper of Dithmenos the Shadowed
  1220 | D:2      | Fell from the grace of Dithmenos
  1235 | D:2      | Gained mutation: You are in touch with the powers of death.
                  | [Mummy growth]
  1235 | D:2      | Reached XP level 3. HP: 27/27 MP: 3/3
  1428 | D:2      | Noticed a shadow
  1428 | D:2      | Noticed a shadow
  1428 | D:2      | Noticed a shadow
  1432 | D:2      | Slain by a shadow

Illustrated notes

Levels and vault maps discovered:
D:1:      lemuel_arrival_broad_hall, layout_loops_cross, nicolae_hexahallways,
          minivault_26, minmay_large_rounded_square,
          chequers_serial_rivers_small_b
D:2:      layout_rooms, basic_altar, kennysheep_small_spiral

Skill      XL: |  1  2 |
---------------+-------+-----
Short Blades   | 2 |  2.2
Fighting       | |  2.1
Throwing       | |  1.5
Dodging        | |  0.9
Stealth        | |  3.8

Action                     || total
---------------------------++-------
  Melee: Dagger            ||    85
 Invoke: Renounce Religion ||     1
   Stab: Sleeping          ||     9
 Armour: Robe              ||    16
  Dodge: Dodged            ||    37
  Block: Kite shield       ||     1

Table legend: (Time is in decaauts)
 A = Elapsed time spent in this place.
 B = Non-inter-level travel time spent in this place.
 C = Inter-level travel time spent in this place.
 D = Time resting spent in this place.
 E = Time spent auto-exploring this place.
 F = Levels seen in this place.
 G = Mean time per level.
                   A        B        C        D        E       F      G
               +--------+--------+--------+--------+--------+-----+--------+
         Total |   1427 |   1402 |     25 |      0 |   1103 |   2 |  713.5 |
       Dungeon |   1427 |   1402 |     25 |      0 |   1103 |   2 |  713.5 |
               +--------+--------+--------+--------+--------+-----+--------+

Top non-repeatable levels by time:
     D:1: 971 daAuts
     D:2: 456 daAuts
